 Dungeon Crawl Stone Soup version 0.28-a0-1152-g9c71ebef14 (webtiles) character file.

Game seed: 2030958374720641666

87 croobank the Conjurer (level 4, 0/27 HPs)
             Began as an Octopode Conjurer on Dec 14, 2021.
             Succumbed to a scorpion's poison
             ... on level 5 of the Dungeon.
             The game lasted 00:10:28 (3029 turns).

croobank the Conjurer (Octopode Conjurer)           Turns: 3029, Time: 00:10:29

Health: 0/27       AC:  1    Str:  6    XL:     4   Next: 51%
Magic:  7/7        EV: 12    Int: 22    God:
Gold:   108        SH:  3    Dex: 10    Spells: 5/8 levels left

rFire   . . .      SeeInvis .   g - +1 spear
rCold   . . .      Faith    .   a - +0 buckler
rNeg    . . .      Spirit   .   (helmet restricted)
rPois   .          Reflect  .   (no amulet)
rElec   .          Harm     .   (no ring)
rCorr   .          Rampage  .   (no ring)
Will    .....                   (no ring)
Stlth   +++.......              (no ring)
HPRegen 0.09/turn               (no ring)
MPRegen 0.10/turn               (no ring)
                                (no ring)
                                (no ring)

@: lethally poisoned (0 -> -18)
A: almost no armour, amphibious, 8 rings, camouflage 1, gelatinous body 1,
(nimble swimmer 1), tentacles
a: no special abilities


You were on level 5 of the Dungeon.
You visited 1 branch of the dungeon, and saw 4 of its levels.

You collected 108 gold pieces.

Inventory:

Hand Weapons
 f - a +0 vampiric long sword
 g - a +1 spear (weapon)
Missiles
 b - 36 stones
 c - 5 javelins
Armour
 a - a +0 buckler (worn)
Potions
 e - 2 potions of resistance {unknown}
 k - a potion of flight {unknown}
 l - a potion of curing {unknown}


   Skills:
 + Level 0.2 Fighting
 + Level 2.1 Dodging
 + Level 3.5 Stealth
 + Level 0.4 Shields
 + Level 0.8 Unarmed Combat
 + Level 2.5 Spellcasting
 + Level 4.9 Conjurations


You had 5 spell levels left.
You knew the following spells:

 Your Spells              Type           Power      Damage    Failure   Level
a - Magic Dart            Conj           96%        1d7       2%          1
b - Searing Ray           Conj           48%        2d6       4%          2

Your spell library contained the following spells:

 Spells                   Type           Power      Damage    Failure   Level
 Dazzling Flash           Conj/Hex       26%        N/A       22%         3
 Fulminant Prism          Conj/Hex       6%         3d7       58%         4
 Iskenderun's Mystic Bla  Conj/Tloc      13%        2d5       58%         4


Dungeon Overview and Level Annotations

Branches:
Dungeon (3/15)

Altars:


Innate Abilities, Weirdness & Mutations

You cannot wear most types of armour.
You are amphibious.
You can wear up to eight rings at the same time.
Your skin changes colour to match your surroundings (Stealth+).
Your rubbery body absorbs attacks. (AC +1, EV +1)
((You are camouflaged near water. (Stealth+)))
You have tentacles for arms and can constrict up to eight enemies at once.


Message History

You hit the water moccasin skeleton.
Your grab misses the water moccasin skeleton.
The water moccasin skeleton is lightly damaged.
The water moccasin skeleton bites you.
The water moccasin skeleton barely misses you. 2 gnolls and a gnoll shaman come into view.
The gnoll shaman shouts!
The gnoll shaman calls upon its god to speed up the gnoll.
The gnoll shouts!
The gnoll seems to speed up.
There is a stone staircase leading down here.
Okay, then.
You aren't carrying any scrolls.
The water moccasin skeleton bites you.
Found a tubular granite ring.
You block the scorpion's attack.
You hit the scorpion but do no damage. You grab the scorpion.
You constrict the scorpion, but do no damage.
You block the scorpion's attack.
You hit the scorpion. You squeeze the scorpion!
The scorpion is heavily wounded.
You constrict the scorpion, but do no damage.
The scorpion barely misses you.
You hit the scorpion but do no damage.
The scorpion is heavily wounded.
You constrict the scorpion, but do no damage.
The scorpion stings you. x2
You are poisoned.
The scorpion poisons you!
You hit the scorpion but do no damage.
The scorpion is heavily wounded.
You constrict the scorpion.
You feel very sick. The scorpion stings you!
* * * LOW HITPOINT WARNING * * *
You are more poisoned.
The scorpion poisons you!
A gnoll comes into view. It is wielding a +0 spear.
You release your grip on the scorpion.
You die...

#. .# . . ## .#. .#
## # ...
.##.###.#... #.#
#.##@=...#
#.#####.#......#
#......Zs#.....#
##.##.##.g#......#
#...#..g..#.....##
#.........##.###.#
#..g#.##.####. ..#
##>.g......# .. .#
#gg.....g..#....>#..


You could see a gnoll shaman, a scorpion, 2 gnolls and a water moccasin
skeleton.

Vanquished Creatures
  A gnoll (D:1)
  2 adders
  A dart slug (D:1)
  An orc (D:3)
  5 endoplasms
  4 giant cockroaches
  4 goblins
  3 hobgoblins (D:2)
  7 jackals
  A quokka (D:1)
  6 ball pythons
  A ball python zombie (D:3)
  5 bats
  5 frilled lizards
  A jackal skeleton (D:3)
  3 kobolds
  5 rats
55 creatures vanquished.

Notes
Turn   | Place    | Note
-------+----------+-------------------------------------------
     0 | D:1      | croobank the Octopode Conjurer began the quest for the Orb.
     0 | D:1      | Reached XP level 1. HP: 11/11 MP: 3/3
     2 | D:1      | Noticed a human
     4 | D:1      | Noticed a spriggan
     4 | D:1      | Noticed a naga
     6 | D:1      | Noticed a vampire
     8 | D:1      | Noticed a tengu
     8 | D:1      | Noticed a troll
    10 | D:1      | Noticed a demigod
    12 | D:1      | Noticed a formicid
    12 | D:1      | Noticed a dwarf
    14 | D:1      | Noticed a felid
    14 | D:1      | Noticed an elf
    16 | D:1      | Noticed an octopode
    16 | D:1      | Noticed a ghoul
    18 | D:1      | Noticed a vine stalker
    18 | D:1      | Noticed a minotaur
    20 | D:1      | Noticed a merfolk
    20 | D:1      | Noticed a demonspawn
    22 | D:1      | Noticed a draconian
    24 | D:1      | Noticed an ogre
    26 | D:1      | Noticed a gargoyle
   217 | D:1      | Reached XP level 2. HP: 16/17 MP: 5/5
   609 | D:1      | Reached XP level 3. HP: 8/21 MP: 3/6
   807 | D:1      | Learned a level 2 spell: Searing Ray
  1703 | D:2      | Found a faded altar of an unknown god.
  1885 | D:2      | Reached XP level 4. HP: 27/27 MP: 4/7
  2996 | D:3      | Noticed a centaur
  3006 | D:3      | You fall into a shaft and drop 2 floors!
  3006 | D:5      | Entered Level 5 of the Dungeon
  3006 | D:5      | Noticed a scorpion
  3029 | D:5      | Succumbed to a scorpion's poison

Illustrated notes

Levels and vault maps discovered:
D:1:      kb_arrival_jail, layout_rooms, lemuel_another_geyser
D:2:      layout_basic, hellmonk_ecumenical_altar_crossroads
D:3:      layout_loops_cross, serial_undead, serial_undead_b, serial_undead_b,
          serial_undead_e, serial_undead_d, minivault_4
D:5:      nicolae_BIG_FREAKIN_CUBE, layout_loops_cross,
          minmay_temple_entry_glass

Skill      XL: |  1  2  3 |
---------------+----------+-----
Stealth        | 3 |  3.5
Fighting       | |  0.2
Dodging        | |  2.1
Shields        | |  0.4
Unarmed Combat | |  0.8
Spellcasting   | |  2.5
Conjurations   | |  4.9

Action                   |  1- 3 |  4- 6 || total
-------------------------+-------+-------++-------
Melee: Unarmed           |    60 |       ||    60
       Constrict         |    17 |     4 ||    21
       Tentacles         |     6 |     3 ||     9
       Spear             |     9 |    19 ||    28
 Cast: Magic Dart        |    40 |    27 ||    67
       Searing Ray       |     1 |       ||     1
  Use: Scroll            |       |     5 ||     5
 Stab: Sleeping          |     3 |     2 ||     5
Armor: Skin              |     7 |     1 ||     8
Dodge: Dodged            |    31 |     5 ||    36
Block: Buckler           |    11 |     6 ||    17

Table legend: (Time is in decaauts)
 A = Elapsed time spent in this place.
 B = Non-inter-level travel time spent in this place.
 C = Inter-level travel time spent in this place.
 D = Time resting spent in this place.
 E = Time spent auto-exploring this place.
 F = Levels seen in this place.
 G = Mean time per level.
                   A        B        C        D        E       F      G
               +--------+--------+--------+--------+--------+-----+--------+
         Total |   3036 |   2957 |     79 |    402 |   2135 |   4 |  759.0 |
       Dungeon |   3036 |   2957 |     79 |    402 |   2135 |   4 |  759.0 |
               +--------+--------+--------+--------+--------+-----+--------+

Top non-repeatable levels by time:
     D:1: 1332 daAuts
     D:2: 1228 daAuts
     D:3: 452 daAuts
     D:5: 23 daAuts
